[ PARTIDA AOE2 · #484668987 ]
UnrankedBohemios vs Huns
[ ANÁLISIS DE REPETICIÓN · EXTRAÍDO DE LA PARTIDA GRABADA ]
Feudal
10:59
Castillos
16:20
Imperial
32:04
| APM promedio | 18.5 |
| APM pico | 45 |
| eAPM promedio | 14.2 |
| Aldeanos / militares | 132 / 246 |
Foco
⚔️ 25.7% · 🌾 74.3%
Spearman ×226 · Bombard Cannon ×16 · Trade Cart ×5 · Monk ×2 · Hussite Wagon ×2
Feudal
15:17
Castillos
20:27
Imperial
—
| APM promedio | 8.3 |
| APM pico | 38 |
| eAPM promedio | 7.2 |
| Aldeanos / militares | 102 / 0 |
Foco
⚔️ 11.4% · 🌾 88.6%
Trade Cart ×31
Feudal
12:38
Castillos
17:26
Imperial
43:03
| APM promedio | 19.5 |
| APM pico | 40 |
| eAPM promedio | 15.7 |
| Aldeanos / militares | 96 / 121 |
Foco
⚔️ 42.5% · 🌾 57.5%
Eagle Scout ×58 · Spearman ×44 · Plumed Archer ×13 · Trade Cart ×6 · Battering Ram ×5 · Trebuchet (Packed) ×1
Feudal
12:02
Castillos
17:38
Imperial
35:42
| APM promedio | 19.9 |
| APM pico | 36 |
| eAPM promedio | 15.5 |
| Aldeanos / militares | 147 / 233 |
Foco
⚔️ 27.3% · 🌾 72.7%
Militia ×112 · Spearman ×104 · Battering Ram ×16 · Monk ×1
Feudal
11:45
Castillos
16:45
Imperial
33:01
| APM promedio | 49.6 |
| APM pico | 146 |
| eAPM promedio | 27.4 |
| Aldeanos / militares | 98 / 105 |
Foco
⚔️ 35.9% · 🌾 64.1%
Knight ×44 · Camel Archer ×32 · Spearman ×13 · Monk ×4 · Mangonel ×4 · Trebuchet (Packed) ×4
Feudal
11:03
Castillos
22:24
Imperial
—
| APM promedio | 25.9 |
| APM pico | 72 |
| eAPM promedio | 13.0 |
| Aldeanos / militares | 92 / 136 |
Foco
⚔️ 40.0% · 🌾 60.0%
Spearman ×69 · Rattan Archer ×28 · Militia ×27 · Fire Lancer ×6 · Battering Ram ×5 · Mangonel ×1
Feudal
12:50
Castillos
16:30
Imperial
31:20
| APM promedio | 31.1 |
| APM pico | 81 |
| eAPM promedio | 15.9 |
| Aldeanos / militares | 146 / 215 |
Foco
⚔️ 27.9% · 🌾 72.1%
Knight ×177 · Skirmisher ×38
Feudal
10:26
Castillos
20:37
Imperial
32:36
| APM promedio | 10.3 |
| APM pico | 36 |
| eAPM promedio | 7.6 |
| Aldeanos / militares | 79 / 31 |
Foco
⚔️ 26.3% · 🌾 73.7%
Throwing Axeman ×11 · Knight ×9 · Trade Cart ×7 · Militia ×5 · Spearman ×4 · Monk ×1
Mapa de la partida
Recursos iniciales + cada clic de construcción. Líneas = muros · curvas = relieve. ◆ oro · ⬟ piedra · ● bayas · ✦ reliquia · ◌ hueco del cierre
Tu base· ✓ Cerrada en 16:20 · 0t muro · 3 puerta(s)
Base de Bruno MIRANDA· ✓ Cerrada en 20:27 · 0t muro · 2 puerta(s)
Base de joseabrojo· ✓ Cerrada en 17:26 · 0t muro · 2 puerta(s)
Base de 小虾米· ✓ Cerrada en 17:38 · 0t muro · 2 puerta(s)
Base de CCM | Muflon de Elite· ✓ Cerrada en 16:45 · 0t muro · 2 puerta(s)
Base de Manuel· ✓ Cerrada en 22:24 · 14t muro · 4 puerta(s)
Base de big-size2· ✓ Cerrada en 16:30 · 0t muro · 3 puerta(s)
Base de Silver· ✓ Cerrada en 20:37 · 0t muro · 2 puerta(s)
Terreno inicial suavizado · ◌ = hueco del cierre detectado · pasá el cursor para detalles
Inputs por minuto
— Echenique - - Bruno MIRANDA
Build order — Echenique
Primeras 150 de 367 acciones detectadas
| 0:04 | Construir | House |
| 0:06 | Construir | House |
| 0:09 | Crear | Villager (Male) |
| 0:10 | Crear | Villager (Male) |
| 0:10 | Crear | Villager (Male) |
| 0:10 | Crear | Villager (Male) |
| 0:11 | Crear | Villager (Male) |
| 1:45 | Crear | Villager (Male) |
| 2:11 | Crear | Villager (Male) |
| 2:11 | Crear | Villager (Male) |
| 2:12 | Investigar | Loom |
| 2:21 | Crear | Villager (Male) |
| 2:25 | Construir | Lumber Camp |
| 2:59 | Construir | House |
| 3:00 | Construir | House |
| 3:06 | Crear | Villager (Male) |
| 3:07 | Crear | Villager (Male) |
| 3:49 | Crear | Villager (Male) |
| 4:12 | Crear | Villager (Male) |
| 4:36 | Construir | Mill |
| 5:00 | Crear | Villager (Male) |
| 5:00 | Crear | Villager (Male) |
| 5:27 | Crear | Villager (Male) |
| 5:28 | Crear | Villager (Male) |
| 5:48 | Crear | Villager (Male) |
| 6:19 | Crear | Villager (Male) |
| 6:42 | Crear | Villager (Male) |
| 6:42 | Crear | Villager (Male) |
| 6:42 | Crear | Villager (Male) |
| 7:14 | Crear | Villager (Male) |
| 8:08 | Crear | Villager (Male) |
| 8:36 | Crear | Villager (Male) |
| 8:41 | Investigar | Feudal Age |
| 9:06 | Construir | Mining Camp |
| 9:25 | Construir | House |
| 9:27 | Construir | House |
| 10:21 | Crear | Villager (Male) |
| 10:21 | Crear | Villager (Male) |
| 10:59 | Edad | Edad Feudal |
| 11:09 | Construir | Market |
| 11:18 | Construir | Market |
| 11:35 | Crear | Villager (Male) |
| 11:59 | Construir | Blacksmith |
| 12:25 | Construir | Farm |
| 12:26 | Crear | Villager (Male) |
| 12:34 | Construir | Farm |
| 12:55 | Construir | Farm |
| 12:58 | Construir | Farm |
| 13:15 | Construir | Mining Camp |
| 13:40 | Investigar | Castle Age |
| 14:01 | Construir | Farm |
| 14:06 | Construir | Farm |
| 14:15 | Investigar | Double-Bit Axe |
| 14:23 | Investigar | Horse Collar |
| 15:23 | Crear | Villager (Male) |
| 15:23 | Crear | Villager (Male) |
| 15:45 | Construir | Farm |
| 15:48 | Construir | Farm |
| 16:20 | Edad | Edad de los Castillos |
| 16:29 | Construir | Town Center |
| 16:52 | Crear | Villager (Male) |
| 16:56 | Investigar | Bow Saw |
| 17:18 | Crear | Villager (Male) |
| 17:18 | Crear | Villager (Male) |
| 17:52 | Construir | Monastery |
| 17:55 | Crear | Villager (Male) |
| 17:55 | Crear | Villager (Male) |
| 18:01 | Construir | Farm |
| 18:03 | Construir | Farm |
| 18:16 | Crear | Monk |
| 18:16 | Crear | Monk |
| 18:51 | Crear | Villager (Male) |
| 18:51 | Crear | Villager (Male) |
| 18:51 | Crear | Villager (Male) |
| 19:02 | Construir | Castle |
| 19:10 | Crear | Villager (Male) |
| 19:10 | Crear | Villager (Male) |
| 19:20 | Construir | Farm |
| 19:25 | Crear | Villager (Male) |
| 19:27 | Construir | Farm |
| 19:37 | Investigar | Heavy Plow |
| 19:43 | Construir | Farm |
| 19:46 | Crear | Villager (Male) |
| 19:46 | Crear | Villager (Male) |
| 20:32 | Construir | Farm |
| 20:32 | Crear | Villager (Male) |
| 20:33 | Crear | Villager (Male) |
| 20:42 | Construir | House |
| 20:44 | Construir | House |
| 20:52 | Investigar | Wheelbarrow |
| 21:04 | Crear | Villager (Male) |
| 21:07 | Construir | Farm |
| 21:12 | Construir | Mining Camp |
| 21:21 | Construir | Barracks |
| 21:25 | Crear | Villager (Male) |
| 21:25 | Crear | Villager (Male) |
| 21:26 | Crear | Villager (Male) |
| 21:32 | Construir | House |
| 21:33 | Construir | House |
| 21:36 | Crear | Villager (Male) |
| 21:36 | Crear | Villager (Male) |
| 21:46 | Construir | Farm |
| 21:50 | Crear | Villager (Male) |
| 21:50 | Crear | Villager (Male) |
| 22:09 | Crear | Villager (Male) |
| 22:09 | Crear | Villager (Male) |
| 22:29 | Construir | Barracks |
| 22:33 | Crear | Villager (Male) |
| 22:34 | Crear | Villager (Male) |
| 22:37 | Construir | House |
| 22:48 | Crear | Villager (Male) |
| 22:48 | Crear | Villager (Male) |
| 23:00 | Investigar | Town Watch |
| 23:21 | Construir | House |
| 23:23 | Construir | House |
| 23:26 | Construir | House |
| 23:26 | Construir | House |
| 23:30 | Construir | Farm |
| 23:33 | Construir | Mining Camp |
| 23:46 | Construir | Farm |
| 23:48 | Crear | Villager (Male) |
| 23:49 | Crear | Villager (Male) |
| 23:50 | Investigar | Scale Mail Armor |
| 23:50 | Investigar | Forging |
| 24:01 | Construir | Barracks |
| 24:02 | Construir | Barracks |
| 24:12 | Construir | Farm |
| 24:15 | Investigar | Pikeman (upgrade) |
| 24:18 | Crear | Villager (Male) |
| 24:18 | Crear | Villager (Male) |
| 24:36 | Construir | Farm |
| 24:37 | Crear | Villager (Male) |
| 24:37 | Crear | Villager (Male) |
| 24:47 | Crear | Villager (Male) |
| 24:48 | Crear | Villager (Male) |
| 25:02 | Construir | Town Center |
| 25:14 | Construir | Barracks |
| 25:17 | Crear | Villager (Male) |
| 25:17 | Crear | Villager (Male) |
| 25:18 | Crear | Villager (Male) |
| 25:32 | Construir | Farm |
| 25:42 | Construir | House |
| 25:43 | Construir | House |
| 25:44 | Construir | House |
| 25:46 | Construir | House |
| 25:48 | Crear | Villager (Male) |
| 25:48 | Crear | Villager (Male) |
| 25:49 | Crear | Villager (Male) |
| 26:22 | Construir | Siege Workshop |
| 26:36 | Construir | Siege Workshop |
Build order — Bruno MIRANDA
Primeras 150 de 183 acciones detectadas
| 0:04 | Crear | Villager (Male) |
| 0:05 | Crear | Villager (Male) |
| 0:05 | Crear | Villager (Male) |
| 0:05 | Crear | Villager (Male) |
| 0:05 | Crear | Villager (Male) |
| 1:30 | Crear | Villager (Male) |
| 1:30 | Crear | Villager (Male) |
| 2:07 | Crear | Villager (Male) |
| 2:19 | Crear | Villager (Male) |
| 3:15 | Crear | Villager (Male) |
| 3:16 | Crear | Villager (Male) |
| 3:28 | Crear | Villager (Male) |
| 3:28 | Crear | Villager (Male) |
| 4:03 | Crear | Villager (Male) |
| 4:03 | Crear | Villager (Male) |
| 4:33 | Crear | Villager (Male) |
| 4:33 | Crear | Villager (Male) |
| 5:02 | Crear | Villager (Male) |
| 5:03 | Crear | Villager (Male) |
| 5:46 | Crear | Villager (Male) |
| 6:17 | Construir | Mill |
| 6:25 | Crear | Villager (Male) |
| 6:25 | Crear | Villager (Male) |
| 6:26 | Crear | Villager (Male) |
| 6:26 | Crear | Villager (Male) |
| 6:26 | Crear | Villager (Male) |
| 6:28 | Crear | Villager (Male) |
| 8:13 | Crear | Villager (Male) |
| 8:40 | Construir | Lumber Camp |
| 9:08 | Crear | Villager (Male) |
| 9:08 | Crear | Villager (Male) |
| 9:08 | Crear | Villager (Male) |
| 9:10 | Crear | Villager (Male) |
| 9:10 | Crear | Villager (Male) |
| 9:23 | Construir | Mill |
| 9:32 | Construir | Farm |
| 9:33 | Construir | Farm |
| 9:33 | Construir | Farm |
| 9:33 | Construir | Farm |
| 9:33 | Construir | Farm |
| 10:40 | Crear | Villager (Male) |
| 10:43 | Crear | Villager (Male) |
| 10:44 | Crear | Villager (Male) |
| 10:45 | Crear | Villager (Male) |
| 11:07 | Construir | Farm |
| 11:07 | Construir | Farm |
| 11:08 | Construir | Farm |
| 11:08 | Construir | Farm |
| 11:08 | Construir | Farm |
| 11:08 | Construir | Farm |
| 11:09 | Construir | Farm |
| 11:18 | Construir | Farm |
| 11:26 | Construir | Farm |
| 12:04 | Construir | Farm |
| 12:19 | Construir | Farm |
| 12:29 | Construir | Farm |
| 13:02 | Construir | Mining Camp |
| 13:07 | Investigar | Feudal Age |
| 13:18 | Crear | Villager (Male) ×5 |
| 13:19 | Crear | Villager (Male) |
| 15:12 | Construir | Mining Camp |
| 15:17 | Edad | Edad Feudal |
| 15:47 | Investigar | Stone Mining |
| 16:00 | Construir | Blacksmith |
| 16:10 | Construir | Market |
| 17:13 | Investigar | Castle Age |
| 17:16 | Investigar | Double-Bit Axe |
| 17:21 | Investigar | Horse Collar |
| 17:58 | Investigar | Wheelbarrow |
| 20:27 | Edad | Edad de los Castillos |
| 20:32 | Construir | Town Center |
| 20:38 | Construir | Town Center |
| 20:40 | Construir | Town Center |
| 20:45 | Construir | Town Center |
| 20:48 | Construir | Farm |
| 20:48 | Construir | Farm |
| 20:49 | Construir | Farm |
| 20:49 | Construir | Farm |
| 20:50 | Construir | Farm |
| 20:50 | Construir | Farm |
| 20:54 | Crear | Villager (Male) ×5 |
| 21:15 | Construir | Farm |
| 21:16 | Construir | Farm |
| 21:17 | Construir | Farm |
| 22:00 | Crear | Villager (Male) ×5 |
| 23:33 | Construir | Farm |
| 24:46 | Construir | Town Center |
| 24:52 | Construir | Town Center |
| 27:07 | Construir | Town Center |
| 27:16 | Crear | Villager (Male) |
| 27:16 | Crear | Villager (Male) |
| 27:16 | Crear | Villager (Male) |
| 27:16 | Crear | Villager (Male) |
| 27:25 | Construir | Farm |
| 27:25 | Construir | Farm |
| 27:25 | Construir | Farm |
| 27:26 | Construir | Farm |
| 27:26 | Construir | Farm |
| 27:26 | Construir | Farm |
| 27:27 | Construir | Farm |
| 27:28 | Construir | Farm |
| 27:29 | Construir | Farm |
| 27:30 | Construir | Farm |
| 27:30 | Construir | Farm |
| 27:31 | Construir | Farm |
| 28:23 | Construir | Farm |
| 28:32 | Construir | Mill |
| 28:35 | Construir | Farm |
| 28:37 | Construir | Farm |
| 28:42 | Construir | Farm |
| 28:46 | Construir | Farm |
| 28:55 | Construir | Farm |
| 29:02 | Construir | Farm |
| 29:07 | Construir | Mill |
| 29:12 | Construir | Farm |
| 29:16 | Construir | Farm |
| 29:34 | Crear | Villager (Male) ×5 |
| 29:34 | Crear | Villager (Male) ×5 |
| 30:08 | Construir | Farm |
| 30:13 | Investigar | Heavy Plow |
| 30:31 | Construir | Lumber Camp |
| 30:46 | Crear | Villager (Male) ×5 |
| 30:46 | Crear | Villager (Male) ×3 |
| 30:47 | Crear | Villager (Male) ×3 |
| 30:52 | Construir | Farm |
| 31:19 | Construir | Town Center |
| 31:47 | Construir | Mill |
| 31:50 | Construir | Farm |
| 31:50 | Construir | Farm |
| 31:51 | Construir | Farm |
| 31:51 | Construir | Farm |
| 31:52 | Construir | Farm |
| 31:53 | Construir | Farm |
| 31:53 | Construir | Farm |
| 31:54 | Construir | Farm |
| 31:55 | Construir | Farm |
| 32:45 | Construir | Mining Camp |
| 32:52 | Investigar | Bow Saw |
| 34:01 | Construir | Mining Camp |
| 34:06 | Investigar | Gold Mining |
| 34:25 | Crear | Villager (Male) ×5 |
| 34:26 | Crear | Villager (Male) ×5 |
| 34:26 | Crear | Villager (Male) ×5 |
| 34:33 | Crear | Villager (Male) ×5 |
| 34:33 | Crear | Villager (Male) ×5 |
| 34:34 | Investigar | Hand Cart |
| 35:36 | Investigar | Gold Shaft Mining |
| 35:53 | Construir | Market |
| 35:58 | Construir | Market |
| 38:39 | Construir | Stone Wall |
Build order — joseabrojo
Primeras 150 de 369 acciones detectadas
| 0:02 | Investigar | Loom |
| 0:02 | Crear | Villager (Male) |
| 0:02 | Crear | Villager (Male) |
| 0:03 | Crear | Villager (Male) |
| 0:03 | Crear | Villager (Male) |
| 0:07 | Construir | House |
| 0:09 | Construir | House |
| 0:14 | Construir | House |
| 1:45 | Crear | Villager (Male) |
| 2:00 | Crear | Villager (Male) |
| 2:28 | Crear | Villager (Male) |
| 2:43 | Construir | Lumber Camp |
| 3:20 | Crear | Villager (Male) |
| 3:21 | Crear | Villager (Male) |
| 3:51 | Crear | Villager (Male) |
| 4:56 | Crear | Villager (Male) |
| 4:56 | Crear | Villager (Male) |
| 5:10 | Construir | Mill |
| 5:16 | Crear | Villager (Male) |
| 5:56 | Crear | Villager (Male) |
| 6:42 | Crear | Villager (Male) |
| 6:43 | Crear | Villager (Male) |
| 6:43 | Crear | Villager (Male) |
| 7:33 | Construir | House |
| 8:04 | Construir | Mining Camp |
| 8:15 | Crear | Villager (Male) |
| 8:16 | Crear | Villager (Male) |
| 8:24 | Construir | House |
| 8:50 | Crear | Villager (Male) |
| 8:50 | Crear | Villager (Male) |
| 9:19 | Construir | Mining Camp |
| 9:23 | Construir | House |
| 9:26 | Investigar | Feudal Age |
| 9:32 | Crear | Villager (Male) |
| 9:32 | Investigar | Feudal Age |
| 10:50 | Construir | Mill |
| 12:32 | Construir | Farm |
| 12:33 | Construir | Farm |
| 12:38 | Edad | Edad Feudal |
| 12:46 | Construir | Blacksmith |
| 12:56 | Construir | Market |
| 12:58 | Crear | Villager (Male) |
| 12:58 | Crear | Villager (Male) |
| 13:05 | Crear | Villager (Male) |
| 13:05 | Crear | Villager (Male) |
| 14:46 | Investigar | Castle Age |
| 15:00 | Investigar | Double-Bit Axe |
| 15:04 | Investigar | Horse Collar |
| 15:17 | Construir | Barracks |
| 15:57 | Construir | Farm |
| 15:58 | Construir | Farm |
| 15:59 | Construir | Farm |
| 16:00 | Construir | Farm |
| 16:37 | Construir | Farm |
| 16:48 | Crear | Spearman |
| 16:48 | Crear | Spearman |
| 16:56 | Construir | Lumber Camp |
| 17:16 | Crear | Spearman |
| 17:22 | Construir | House |
| 17:25 | Construir | House |
| 17:26 | Construir | House |
| 17:26 | Edad | Edad de los Castillos |
| 18:06 | Investigar | Bow Saw |
| 18:11 | Investigar | Heavy Plow |
| 18:14 | Crear | Villager (Male) |
| 18:15 | Crear | Villager (Male) |
| 18:29 | Construir | Castle |
| 18:37 | Investigar | Squires |
| 19:11 | Construir | Town Center |
| 19:19 | Crear | Villager (Male) |
| 19:26 | Crear | Spearman |
| 20:04 | Crear | Villager (Male) |
| 20:04 | Crear | Villager (Male) |
| 20:42 | Construir | Barracks |
| 20:49 | Crear | Plumed Archer |
| 20:49 | Crear | Plumed Archer |
| 20:50 | Crear | Plumed Archer |
| 20:50 | Crear | Plumed Archer |
| 21:08 | Investigar | Wheelbarrow |
| 21:18 | Construir | Farm |
| 21:21 | Construir | Farm |
| 21:22 | Construir | Farm |
| 21:32 | Crear | Spearman |
| 21:33 | Crear | Spearman |
| 22:24 | Construir | Siege Workshop |
| 22:30 | Crear | Spearman |
| 22:30 | Crear | Spearman |
| 22:39 | Crear | Spearman |
| 22:40 | Crear | Spearman |
| 22:54 | Crear | Plumed Archer |
| 22:54 | Crear | Plumed Archer |
| 22:54 | Crear | Plumed Archer |
| 23:11 | Crear | Villager (Male) |
| 23:12 | Crear | Villager (Male) |
| 23:59 | Investigar | Pikeman (upgrade) |
| 24:36 | Construir | Gate |
| 24:40 | Crear | Battering Ram |
| 24:44 | Crear | Villager (Male) |
| 24:45 | Crear | Villager (Male) |
| 24:45 | Crear | Villager (Male) |
| 24:45 | Crear | Villager (Male) |
| 24:45 | Crear | Villager (Male) |
| 25:01 | Construir | House |
| 25:02 | Construir | House |
| 25:03 | Construir | House |
| 25:10 | Crear | Villager (Male) |
| 25:13 | Construir | Farm |
| 25:17 | Construir | Farm |
| 25:18 | Construir | Farm |
| 25:27 | Construir | Farm |
| 25:29 | Construir | Mill |
| 25:35 | Construir | Farm |
| 25:36 | Construir | Farm |
| 25:37 | Crear | Villager (Male) |
| 25:38 | Crear | Villager (Male) |
| 25:38 | Crear | Villager (Male) |
| 25:51 | Crear | Eagle Scout |
| 25:52 | Crear | Eagle Scout |
| 26:02 | Construir | Barracks |
| 26:08 | Crear | Battering Ram |
| 26:14 | Construir | Farm |
| 26:20 | Construir | Farm |
| 26:42 | Construir | Mining Camp |
| 26:53 | Investigar | Eagle Warrior (upgrade) |
| 26:55 | Crear | Eagle Scout |
| 26:56 | Crear | Eagle Scout |
| 26:56 | Crear | Eagle Scout |
| 27:09 | Construir | Lumber Camp |
| 27:23 | Construir | Farm |
| 27:24 | Construir | Farm |
| 27:27 | Construir | Farm |
| 27:37 | Crear | Villager (Male) |
| 27:38 | Crear | Villager (Male) |
| 27:38 | Crear | Villager (Male) |
| 27:38 | Crear | Villager (Male) |
| 27:39 | Crear | Villager (Male) |
| 27:39 | Crear | Villager (Male) |
| 27:39 | Crear | Villager (Male) |
| 27:59 | Crear | Spearman |
| 27:59 | Crear | Eagle Scout |
| 28:15 | Construir | Gate |
| 28:17 | Construir | Stone Wall |
| 28:28 | Crear | Battering Ram |
| 28:33 | Crear | Spearman |
| 28:33 | Crear | Spearman |
| 28:34 | Crear | Spearman |
| 28:34 | Crear | Spearman |
| 28:34 | Crear | Spearman |
| 28:37 | Crear | Plumed Archer |
| 28:37 | Crear | Plumed Archer |
Build order — 小虾米
Primeras 150 de 383 acciones detectadas
| 0:03 | Investigar | Loom |
| 0:03 | Crear | Villager (Male) |
| 0:04 | Crear | Villager (Male) |
| 0:04 | Crear | Villager (Male) |
| 0:04 | Crear | Villager (Male) |
| 0:12 | Construir | House |
| 0:13 | Construir | House |
| 0:13 | Construir | House |
| 0:15 | Construir | House |
| 1:59 | Crear | Villager (Male) |
| 2:21 | Construir | Mill |
| 2:47 | Crear | Villager (Male) |
| 2:57 | Crear | Villager (Male) |
| 2:57 | Crear | Villager (Male) |
| 3:24 | Crear | Villager (Male) |
| 3:42 | Crear | Villager (Male) |
| 4:08 | Crear | Villager (Male) |
| 4:18 | Crear | Villager (Male) |
| 4:18 | Crear | Villager (Male) |
| 4:44 | Crear | Villager (Male) |
| 4:44 | Crear | Villager (Male) |
| 4:50 | Crear | Villager (Male) |
| 5:24 | Crear | Villager (Male) |
| 5:24 | Crear | Villager (Male) |
| 5:35 | Crear | Villager (Male) |
| 5:35 | Crear | Villager (Male) |
| 5:55 | Construir | Lumber Camp |
| 5:58 | Crear | Villager (Male) |
| 5:59 | Crear | Villager (Male) |
| 6:08 | Crear | Villager (Male) |
| 6:13 | Crear | Villager (Male) |
| 6:14 | Crear | Villager (Male) |
| 6:42 | Crear | Villager (Male) |
| 6:42 | Crear | Villager (Male) |
| 7:16 | Crear | Villager (Male) |
| 7:16 | Crear | Villager (Male) |
| 7:16 | Crear | Villager (Male) |
| 7:25 | Construir | House |
| 7:26 | Construir | House |
| 7:27 | Construir | House |
| 7:29 | Crear | Villager (Male) |
| 7:30 | Crear | Villager (Male) |
| 7:43 | Crear | Villager (Male) |
| 7:44 | Crear | Villager (Male) |
| 8:17 | Construir | Mining Camp |
| 9:35 | Investigar | Feudal Age |
| 9:44 | Construir | Farm |
| 10:04 | Construir | Mill |
| 12:02 | Edad | Edad Feudal |
| 12:03 | Investigar | Wheelbarrow |
| 12:04 | Crear | Villager (Male) |
| 12:05 | Investigar | Double-Bit Axe |
| 12:06 | Investigar | Horse Collar |
| 12:09 | Construir | Farm |
| 12:11 | Construir | Farm |
| 12:14 | Construir | Farm |
| 12:15 | Construir | Farm |
| 12:17 | Construir | Farm |
| 12:21 | Construir | Farm |
| 13:12 | Construir | Blacksmith |
| 13:19 | Crear | Villager (Male) |
| 13:20 | Crear | Villager (Male) |
| 13:28 | Construir | House |
| 13:30 | Construir | House |
| 13:31 | Construir | House |
| 13:42 | Crear | Villager (Male) |
| 13:44 | Crear | Villager (Male) |
| 14:14 | Construir | Market |
| 14:49 | Construir | Farm |
| 14:53 | Investigar | Castle Age |
| 14:53 | Investigar | Castle Age |
| 14:59 | Construir | House |
| 15:00 | Construir | House |
| 15:02 | Construir | House |
| 15:03 | Construir | House |
| 15:05 | Construir | House |
| 17:38 | Edad | Edad de los Castillos |
| 17:41 | Investigar | Bow Saw |
| 17:43 | Investigar | Hand Cart |
| 17:44 | Crear | Villager (Male) |
| 18:02 | Construir | Town Center |
| 18:11 | Construir | Town Center |
| 18:30 | Crear | Villager (Male) |
| 18:30 | Crear | Villager (Male) |
| 18:34 | Investigar | Heavy Plow |
| 18:34 | Investigar | Heavy Plow |
| 18:58 | Crear | Villager (Male) |
| 19:12 | Crear | Villager (Male) |
| 19:12 | Crear | Villager (Male) |
| 19:21 | Construir | Lumber Camp |
| 19:28 | Construir | Farm |
| 19:36 | Construir | Farm |
| 19:44 | Crear | Villager (Male) |
| 19:44 | Crear | Villager (Male) |
| 19:45 | Crear | Villager (Male) |
| 19:45 | Crear | Villager (Male) |
| 19:45 | Crear | Villager (Male) |
| 19:58 | Construir | Farm |
| 20:03 | Construir | Farm |
| 20:08 | Construir | Farm |
| 20:10 | Construir | Farm |
| 20:14 | Crear | Villager (Male) |
| 20:14 | Crear | Villager (Male) |
| 20:14 | Crear | Villager (Male) |
| 20:36 | Construir | Town Center |
| 21:14 | Crear | Villager (Male) |
| 21:14 | Crear | Villager (Male) |
| 21:15 | Crear | Villager (Male) |
| 21:15 | Crear | Villager (Male) |
| 21:15 | Crear | Villager (Male) |
| 21:16 | Crear | Villager (Male) |
| 21:39 | Construir | Barracks |
| 21:41 | Construir | Barracks |
| 21:46 | Crear | Villager (Male) |
| 21:46 | Crear | Villager (Male) |
| 21:46 | Crear | Villager (Male) |
| 21:47 | Crear | Villager (Male) |
| 21:47 | Crear | Villager (Male) |
| 21:47 | Crear | Villager (Male) |
| 21:58 | Construir | House |
| 22:00 | Construir | House |
| 22:08 | Crear | Villager (Male) |
| 22:09 | Crear | Villager (Male) |
| 22:16 | Crear | Villager (Male) |
| 22:16 | Crear | Villager (Male) |
| 22:57 | Crear | Villager (Male) |
| 22:57 | Crear | Villager (Male) |
| 22:57 | Crear | Villager (Male) |
| 22:57 | Crear | Villager (Male) |
| 22:58 | Crear | Villager (Male) |
| 22:58 | Crear | Villager (Male) |
| 22:58 | Crear | Villager (Male) |
| 23:09 | Construir | University |
| 23:13 | Construir | Monastery |
| 23:16 | Crear | Villager (Male) |
| 23:17 | Crear | Villager (Male) |
| 23:17 | Crear | Villager (Male) |
| 23:25 | Construir | Farm |
| 23:27 | Construir | Farm |
| 23:28 | Construir | Farm |
| 23:38 | Construir | Farm |
| 23:40 | Construir | Farm |
| 23:41 | Construir | Farm |
| 23:47 | Construir | Farm |
| 23:58 | Construir | Siege Workshop |
| 24:02 | Construir | Siege Workshop |
| 24:06 | Investigar | Man-at-Arms (upgrade) |
| 24:06 | Investigar | Man-at-Arms (upgrade) |
| 24:07 | Investigar | Pikeman (upgrade) |
| 24:15 | Construir | Farm |
Build order — CCM | Muflon de Elite
Primeras 150 de 380 acciones detectadas
| 0:02 | Crear | Villager (Male) |
| 0:02 | Crear | Villager (Male) |
| 0:02 | Crear | Villager (Male) |
| 0:03 | Crear | Villager (Male) |
| 0:05 | Construir | House |
| 0:07 | Construir | House |
| 1:29 | Crear | Villager (Male) |
| 1:49 | Construir | Lumber Camp |
| 2:01 | Crear | Villager (Male) |
| 2:20 | Crear | Villager (Male) |
| 2:58 | Crear | Villager (Male) |
| 3:17 | Construir | House |
| 3:20 | Crear | Villager (Male) |
| 3:29 | Crear | Villager (Male) |
| 3:44 | Construir | House |
| 4:06 | Crear | Villager (Male) |
| 4:20 | Construir | Mill |
| 4:59 | Crear | Villager (Male) |
| 5:22 | Crear | Villager (Male) |
| 5:40 | Crear | Villager (Male) |
| 6:02 | Crear | Villager (Male) |
| 6:32 | Crear | Villager (Male) |
| 6:46 | Crear | Villager (Male) |
| 6:53 | Construir | House |
| 6:59 | Crear | Villager (Male) |
| 7:12 | Crear | Villager (Male) |
| 7:51 | Crear | Villager (Male) |
| 7:58 | Construir | Mining Camp |
| 8:23 | Construir | Mining Camp |
| 8:45 | Crear | Villager (Male) |
| 8:51 | Crear | Villager (Male) |
| 9:35 | Investigar | Feudal Age |
| 10:04 | Construir | House |
| 10:23 | Construir | House |
| 10:58 | Crear | Villager (Male) |
| 11:17 | Construir | Barracks |
| 11:26 | Construir | Barracks |
| 11:33 | Investigar | Loom |
| 11:45 | Edad | Edad Feudal |
| 11:50 | Construir | Market |
| 11:53 | Construir | Blacksmith |
| 12:01 | Crear | Villager (Male) |
| 12:20 | Construir | Farm |
| 12:23 | Construir | Farm |
| 12:46 | Construir | House |
| 13:06 | Crear | Villager (Male) |
| 13:29 | Crear | Villager (Male) |
| 13:33 | Construir | Farm |
| 13:37 | Construir | Farm |
| 13:57 | Construir | Farm |
| 14:05 | Investigar | Castle Age |
| 14:09 | Construir | House |
| 14:10 | Construir | House |
| 14:34 | Construir | Farm |
| 14:38 | Construir | Farm |
| 15:10 | Construir | Farm |
| 15:25 | Crear | Spearman |
| 15:43 | Crear | Spearman |
| 15:49 | Construir | Farm |
| 16:21 | Crear | Spearman |
| 16:22 | Crear | Villager (Male) |
| 16:25 | Construir | Farm |
| 16:28 | Investigar | Double-Bit Axe |
| 16:43 | Crear | Spearman |
| 16:44 | Crear | Villager (Male) |
| 16:45 | Edad | Edad de los Castillos |
| 17:01 | Construir | Castle |
| 17:03 | Construir | Mining Camp |
| 17:19 | Crear | Villager (Male) |
| 17:21 | Construir | Farm |
| 17:23 | Crear | Spearman |
| 17:30 | Crear | Spearman |
| 17:33 | Crear | Villager (Male) |
| 17:37 | Construir | Monastery |
| 17:54 | Crear | Spearman |
| 18:07 | Crear | Spearman |
| 18:08 | Crear | Villager (Male) |
| 18:24 | Construir | Castle |
| 18:31 | Crear | Monk |
| 18:33 | Crear | Spearman |
| 18:38 | Investigar | Pikeman (upgrade) |
| 18:44 | Construir | Barracks |
| 18:47 | Construir | Farm |
| 18:49 | Construir | Farm |
| 18:51 | Crear | Villager (Male) |
| 18:53 | Construir | Farm |
| 19:02 | Construir | Palisade Wall |
| 19:06 | Construir | Palisade Wall |
| 19:11 | Construir | Palisade Wall |
| 19:21 | Crear | Villager (Male) |
| 19:31 | Crear | Villager (Male) |
| 19:36 | Crear | Spearman |
| 19:41 | Construir | House |
| 19:42 | Construir | House |
| 20:00 | Crear | Monk |
| 20:05 | Investigar | Forging |
| 20:07 | Crear | Spearman |
| 20:14 | Construir | Farm |
| 20:19 | Construir | Farm |
| 20:20 | Crear | Villager (Male) |
| 20:45 | Crear | Villager (Male) |
| 20:48 | Construir | Lumber Camp |
| 20:52 | Construir | Lumber Camp |
| 20:55 | Construir | Farm |
| 21:22 | Crear | Villager (Male) |
| 21:22 | Crear | Villager (Male) |
| 21:23 | Crear | Villager (Male) |
| 21:23 | Crear | Villager (Male) |
| 21:26 | Construir | Farm |
| 21:26 | Construir | Farm |
| 21:50 | Crear | Villager (Male) |
| 21:51 | Investigar | Town Watch |
| 21:56 | Investigar | Horse Collar |
| 21:58 | Construir | Farm |
| 22:00 | Construir | Farm |
| 22:06 | Construir | Farm |
| 22:08 | Construir | House |
| 22:16 | Crear | Monk |
| 22:23 | Crear | Villager (Male) |
| 22:28 | Crear | Villager (Male) |
| 23:12 | Crear | Spearman |
| 23:13 | Crear | Spearman |
| 23:17 | Crear | Villager (Male) |
| 23:24 | Crear | Villager (Male) |
| 23:31 | Construir | Lumber Camp |
| 23:32 | Investigar | Bow Saw |
| 23:35 | Construir | Farm |
| 23:41 | Construir | Farm |
| 23:43 | Investigar | Wheelbarrow |
| 24:11 | Construir | Siege Workshop |
| 24:22 | Investigar | Fletching |
| 24:48 | Crear | Villager (Male) |
| 25:09 | Construir | Palisade Gate |
| 25:15 | Construir | Palisade Gate |
| 25:18 | Construir | Stone Wall |
| 25:24 | Construir | Gate |
| 25:30 | Construir | Gate |
| 25:32 | Construir | Stone Wall |
| 25:34 | Construir | Stone Wall |
| 25:44 | Crear | Villager (Male) |
| 25:58 | Investigar | Bodkin Arrow |
| 26:00 | Crear | Battering Ram |
| 26:16 | Crear | Villager (Male) |
| 26:23 | Investigar | Gold Mining |
| 26:23 | Crear | Villager (Male) |
| 26:59 | Construir | Town Center |
| 27:08 | Crear | Mangonel |
| 28:17 | Crear | Villager (Male) |
| 28:21 | Construir | Farm |
| 28:30 | Construir | University |
Build order — Manuel
Primeras 150 de 349 acciones detectadas
| 0:03 | Crear | Villager (Male) |
| 0:03 | Crear | Villager (Male) |
| 0:03 | Crear | Villager (Male) |
| 0:05 | Construir | House |
| 0:07 | Construir | House |
| 0:43 | Crear | Villager (Male) |
| 1:47 | Crear | Villager (Male) |
| 2:18 | Crear | Villager (Male) |
| 3:03 | Crear | Villager (Male) |
| 3:18 | Crear | Villager (Male) |
| 3:19 | Crear | Villager (Male) |
| 3:40 | Construir | Mill |
| 4:11 | Crear | Villager (Male) |
| 4:32 | Construir | House |
| 4:33 | Construir | House |
| 4:34 | Construir | House |
| 4:39 | Crear | Villager (Male) |
| 4:39 | Crear | Villager (Male) |
| 4:52 | Crear | Villager (Male) |
| 5:17 | Crear | Villager (Male) |
| 5:48 | Crear | Villager (Male) |
| 6:10 | Crear | Villager (Male) |
| 7:34 | Crear | Villager (Male) |
| 7:34 | Crear | Villager (Male) |
| 7:46 | Construir | Lumber Camp |
| 8:50 | Crear | Villager (Male) |
| 8:52 | Investigar | Feudal Age |
| 8:53 | Crear | Villager (Male) |
| 8:54 | Crear | Villager (Male) |
| 9:20 | Crear | Villager (Male) |
| 9:20 | Crear | Villager (Male) |
| 9:56 | Crear | Villager (Male) |
| 9:56 | Crear | Villager (Male) |
| 10:08 | Construir | Farm |
| 10:09 | Construir | Farm |
| 10:09 | Construir | Farm |
| 10:09 | Construir | Farm |
| 10:09 | Construir | Farm |
| 10:10 | Construir | Farm |
| 10:10 | Construir | Farm |
| 10:10 | Construir | Farm |
| 10:14 | Construir | Farm |
| 10:37 | Construir | Farm |
| 10:40 | Crear | Villager (Male) |
| 11:03 | Edad | Edad Feudal |
| 11:14 | Investigar | Horse Collar |
| 11:19 | Investigar | Double-Bit Axe |
| 11:24 | Crear | Villager (Male) |
| 11:37 | Construir | Mining Camp |
| 11:44 | Construir | Mining Camp |
| 11:53 | Investigar | Wheelbarrow |
| 11:55 | Crear | Villager (Male) |
| 12:02 | Crear | Villager (Male) |
| 12:57 | Investigar | Gold Mining |
| 13:00 | Investigar | Stone Mining |
| 13:06 | Construir | House |
| 13:13 | Construir | House |
| 13:42 | Construir | Barracks |
| 14:22 | Construir | Market |
| 14:32 | Construir | Blacksmith |
| 14:40 | Crear | Villager (Male) |
| 14:52 | Crear | Villager (Male) |
| 14:53 | Crear | Villager (Male) |
| 15:28 | Construir | Farm |
| 15:30 | Construir | Farm |
| 15:32 | Construir | Farm |
| 15:33 | Construir | Farm |
| 15:35 | Construir | Farm |
| 15:36 | Construir | Farm |
| 15:41 | Investigar | Fletching |
| 15:42 | Investigar | Padded Archer Armor |
| 15:43 | Investigar | Forging |
| 15:48 | Crear | Villager (Male) |
| 15:49 | Crear | Villager (Male) |
| 16:04 | Crear | Spearman |
| 16:04 | Crear | Spearman |
| 16:05 | Investigar | Arson |
| 16:27 | Crear | Villager (Male) |
| 17:08 | Crear | Militia |
| 17:08 | Crear | Militia |
| 17:10 | Investigar | Man-at-Arms (upgrade) |
| 17:15 | Crear | Militia |
| 17:16 | Crear | Militia |
| 17:57 | Crear | Militia |
| 18:21 | Construir | Barracks |
| 19:16 | Crear | Militia |
| 19:16 | Crear | Militia |
| 19:16 | Crear | Militia |
| 19:26 | Construir | Archery Range |
| 19:44 | Investigar | Castle Age |
| 19:48 | Construir | Farm |
| 19:48 | Construir | Farm |
| 19:48 | Construir | Farm |
| 19:49 | Construir | Farm |
| 19:49 | Construir | Farm |
| 19:49 | Construir | Farm |
| 19:49 | Construir | Farm |
| 19:57 | Crear | Militia |
| 19:57 | Crear | Militia |
| 19:57 | Crear | Militia |
| 19:57 | Crear | Militia |
| 20:12 | Construir | Palisade Wall |
| 20:13 | Construir | Palisade Wall |
| 20:13 | Construir | Palisade Wall |
| 20:14 | Construir | Palisade Wall |
| 20:14 | Construir | Palisade Wall |
| 20:14 | Construir | Palisade Wall |
| 20:34 | Investigar | Man-at-Arms (upgrade) |
| 20:35 | Crear | Militia |
| 20:35 | Crear | Militia |
| 20:35 | Crear | Militia |
| 20:35 | Crear | Militia |
| 20:46 | Crear | Villager (Male) |
| 20:46 | Crear | Villager (Male) |
| 21:25 | Crear | Villager (Male) |
| 21:26 | Crear | Villager (Male) |
| 21:26 | Crear | Villager (Male) |
| 21:27 | Crear | Villager (Male) |
| 21:28 | Crear | Villager (Male) |
| 21:43 | Construir | Barracks |
| 22:00 | Construir | Stone Wall |
| 22:07 | Construir | Gate |
| 22:18 | Crear | Villager (Male) |
| 22:18 | Crear | Villager (Male) |
| 22:24 | Edad | Edad de los Castillos |
| 22:42 | Crear | Villager (Male) |
| 23:03 | Construir | Castle |
| 23:51 | Construir | Siege Workshop |
| 24:06 | Crear | Spearman |
| 24:07 | Crear | Spearman |
| 24:07 | Crear | Spearman |
| 24:07 | Crear | Spearman |
| 24:07 | Crear | Spearman |
| 24:08 | Crear | Spearman |
| 24:08 | Crear | Spearman |
| 24:08 | Crear | Spearman |
| 24:09 | Crear | Spearman |
| 24:09 | Crear | Spearman |
| 24:09 | Crear | Spearman |
| 24:09 | Crear | Spearman |
| 24:09 | Crear | Spearman |
| 24:09 | Crear | Spearman |
| 25:34 | Crear | Mangonel |
| 28:26 | Construir | Castle |
| 28:35 | Crear | Villager (Male) |
| 28:35 | Crear | Villager (Male) |
| 28:36 | Investigar | Hand Cart |
| 28:36 | Crear | Villager (Male) |
| 28:36 | Crear | Villager (Male) |
| 28:37 | Crear | Villager (Male) |
Build order — big-size2
Primeras 150 de 385 acciones detectadas
| 0:03 | Crear | Villager (Male) |
| 0:03 | Crear | Villager (Male) |
| 0:03 | Crear | Villager (Male) |
| 0:04 | Crear | Villager (Male) |
| 0:04 | Crear | Villager (Male) |
| 1:19 | Crear | Villager (Male) |
| 1:20 | Crear | Villager (Male) |
| 1:55 | Construir | Lumber Camp |
| 2:13 | Crear | Villager (Male) |
| 2:14 | Crear | Villager (Male) |
| 2:41 | Crear | Villager (Male) |
| 2:41 | Crear | Villager (Male) |
| 3:09 | Crear | Villager (Male) |
| 3:10 | Crear | Villager (Male) |
| 3:10 | Crear | Villager (Male) |
| 3:56 | Crear | Villager (Male) |
| 3:56 | Crear | Villager (Male) |
| 4:34 | Construir | Mill |
| 4:35 | Crear | Villager (Male) |
| 4:35 | Crear | Villager (Male) |
| 5:01 | Crear | Villager (Male) |
| 5:01 | Crear | Villager (Male) |
| 5:33 | Crear | Villager (Male) |
| 6:02 | Crear | Villager (Male) |
| 6:02 | Crear | Villager (Male) |
| 6:31 | Crear | Villager (Male) |
| 6:31 | Crear | Villager (Male) |
| 6:48 | Crear | Villager (Male) |
| 6:59 | Crear | Villager (Male) |
| 7:46 | Construir | Farm |
| 8:01 | Crear | Villager (Male) |
| 8:02 | Crear | Villager (Male) |
| 8:02 | Crear | Villager (Male) |
| 8:02 | Crear | Villager (Male) |
| 8:10 | Construir | Farm |
| 8:35 | Construir | Farm |
| 9:23 | Construir | Mining Camp |
| 9:24 | Crear | Villager (Male) |
| 10:11 | Crear | Villager (Male) |
| 10:11 | Crear | Villager (Male) |
| 10:21 | Construir | Mining Camp |
| 10:40 | Investigar | Feudal Age |
| 10:51 | Construir | Farm |
| 11:07 | Construir | Farm |
| 11:09 | Construir | Farm |
| 11:14 | Construir | Farm |
| 11:15 | Construir | Farm |
| 12:50 | Edad | Edad Feudal |
| 12:54 | Construir | Blacksmith |
| 12:55 | Crear | Villager (Male) |
| 12:55 | Crear | Villager (Male) |
| 13:03 | Construir | Market |
| 13:50 | Investigar | Castle Age |
| 13:53 | Investigar | Double-Bit Axe |
| 13:56 | Investigar | Horse Collar |
| 14:19 | Construir | Lumber Camp |
| 16:23 | Crear | Villager (Male) |
| 16:30 | Edad | Edad de los Castillos |
| 16:46 | Construir | Town Center |
| 17:00 | Construir | Town Center |
| 17:01 | Crear | Villager (Male) |
| 17:02 | Crear | Villager (Male) |
| 17:02 | Crear | Villager (Male) |
| 17:02 | Crear | Villager (Male) |
| 17:48 | Crear | Villager (Male) |
| 17:58 | Crear | Villager (Male) |
| 17:58 | Crear | Villager (Male) |
| 17:59 | Crear | Villager (Male) |
| 18:01 | Crear | Villager (Male) |
| 18:32 | Construir | Town Center |
| 18:34 | Crear | Villager (Male) |
| 18:35 | Crear | Villager (Male) |
| 18:35 | Crear | Villager (Male) |
| 18:36 | Crear | Villager (Male) |
| 18:36 | Crear | Villager (Male) |
| 18:37 | Crear | Villager (Male) |
| 18:37 | Crear | Villager (Male) |
| 18:44 | Construir | Farm |
| 18:50 | Construir | Farm |
| 18:54 | Construir | Farm |
| 18:54 | Crear | Villager (Male) |
| 18:55 | Crear | Villager (Male) |
| 18:55 | Crear | Villager (Male) |
| 19:03 | Construir | Farm |
| 19:19 | Construir | Farm |
| 19:22 | Construir | Farm |
| 19:30 | Construir | Farm |
| 19:31 | Crear | Villager (Male) |
| 19:39 | Construir | Farm |
| 19:44 | Crear | Villager (Male) |
| 19:54 | Construir | Farm |
| 19:56 | Construir | Farm |
| 19:59 | Crear | Villager (Male) |
| 20:04 | Construir | Farm |
| 20:05 | Construir | Farm |
| 20:08 | Crear | Villager (Male) |
| 20:16 | Construir | Farm |
| 20:24 | Construir | Farm |
| 20:24 | Crear | Villager (Male) |
| 20:25 | Crear | Villager (Male) |
| 20:32 | Construir | Farm |
| 20:42 | Crear | Villager (Male) |
| 20:43 | Crear | Villager (Male) |
| 20:43 | Crear | Villager (Male) |
| 20:50 | Construir | Farm |
| 20:51 | Construir | Farm |
| 21:01 | Construir | Mill |
| 21:03 | Investigar | Loom |
| 21:09 | Crear | Villager (Male) |
| 21:09 | Crear | Villager (Male) |
| 21:10 | Crear | Villager (Male) |
| 21:13 | Construir | Farm |
| 21:25 | Construir | Farm |
| 21:26 | Crear | Villager (Male) |
| 21:27 | Crear | Villager (Male) |
| 21:39 | Construir | Farm |
| 21:39 | Crear | Villager (Male) |
| 21:40 | Crear | Villager (Male) |
| 21:40 | Crear | Villager (Male) |
| 21:45 | Crear | Villager (Male) |
| 21:45 | Crear | Villager (Male) |
| 21:54 | Construir | Farm |
| 21:58 | Crear | Villager (Male) |
| 22:01 | Crear | Villager (Male) |
| 22:11 | Construir | Farm |
| 22:16 | Construir | Farm |
| 22:18 | Construir | Farm |
| 22:31 | Investigar | Heavy Plow |
| 22:31 | Investigar | Heavy Plow |
| 22:34 | Crear | Villager (Male) |
| 22:35 | Crear | Villager (Male) |
| 22:37 | Crear | Villager (Male) |
| 22:53 | Investigar | Bow Saw |
| 22:53 | Investigar | Bow Saw |
| 23:04 | Construir | Farm |
| 23:09 | Construir | Farm |
| 23:10 | Crear | Villager (Male) |
| 23:10 | Crear | Villager (Male) |
| 23:10 | Crear | Villager (Male) |
| 23:10 | Crear | Villager (Male) |
| 23:18 | Crear | Villager (Male) |
| 23:19 | Crear | Villager (Male) |
| 23:21 | Crear | Villager (Male) |
| 23:24 | Construir | Farm |
| 23:25 | Construir | Farm |
| 23:35 | Construir | Mill |
| 23:35 | Crear | Villager (Male) |
| 23:35 | Crear | Villager (Male) |
| 23:36 | Crear | Villager (Male) |
| 23:36 | Crear | Villager (Male) |
Build order — Silver
Primeras 150 de 180 acciones detectadas
| 0:04 | Crear | Villager (Male) ×4 |
| 0:04 | Investigar | Loom |
| 0:09 | Construir | House |
| 0:14 | Construir | House |
| 1:59 | Crear | Villager (Male) ×2 |
| 2:33 | Crear | Villager (Male) |
| 2:41 | Construir | Mill |
| 2:51 | Construir | Mill |
| 2:58 | Crear | Villager (Male) |
| 3:23 | Crear | Villager (Male) |
| 3:38 | Crear | Villager (Male) |
| 3:58 | Construir | House |
| 4:02 | Construir | House |
| 4:10 | Crear | Villager (Male) ×2 |
| 4:43 | Crear | Villager (Male) ×2 |
| 5:10 | Crear | Villager (Male) ×2 |
| 6:03 | Crear | Villager (Male) ×3 |
| 6:33 | Construir | Lumber Camp |
| 8:16 | Investigar | Feudal Age |
| 8:26 | Construir | House |
| 8:30 | Construir | House |
| 8:38 | Construir | Barracks |
| 8:52 | Crear | Villager (Male) |
| 10:26 | Edad | Edad Feudal |
| 10:42 | Crear | Villager (Male) ×5 |
| 11:14 | Investigar | Double-Bit Axe |
| 11:54 | Construir | Farm |
| 11:55 | Construir | Farm |
| 11:56 | Construir | Farm |
| 11:57 | Construir | Farm |
| 11:59 | Construir | Farm |
| 12:01 | Construir | Farm |
| 12:02 | Construir | Farm |
| 12:25 | Construir | Farm |
| 12:54 | Crear | Villager (Male) |
| 12:56 | Crear | Villager (Male) |
| 13:18 | Construir | Mining Camp |
| 13:23 | Construir | Farm |
| 13:34 | Construir | Farm |
| 13:40 | Crear | Villager (Male) |
| 13:42 | Crear | Villager (Male) |
| 13:48 | Construir | Farm |
| 13:55 | Construir | Farm |
| 14:19 | Construir | Farm |
| 14:21 | Construir | Farm |
| 14:29 | Crear | Villager (Male) |
| 14:29 | Crear | Villager (Male) |
| 14:38 | Construir | House |
| 14:40 | Construir | House |
| 14:46 | Investigar | Wheelbarrow |
| 14:53 | Construir | Farm |
| 14:55 | Construir | Farm |
| 15:06 | Construir | Farm |
| 15:18 | Construir | House |
| 15:21 | Construir | House |
| 15:23 | Construir | House |
| 15:59 | Construir | Blacksmith |
| 16:30 | Construir | Market |
| 16:42 | Crear | Villager (Male) |
| 16:42 | Crear | Villager (Male) |
| 17:02 | Investigar | Gold Mining |
| 17:15 | Construir | Stable |
| 17:22 | Crear | Villager (Male) |
| 17:51 | Construir | Mining Camp |
| 17:55 | Investigar | Stone Mining |
| 17:57 | Investigar | Castle Age |
| 18:07 | Investigar | Gold Mining |
| 19:24 | Crear | Villager (Male) ×5 |
| 19:28 | Crear | Villager (Male) ×5 |
| 20:23 | Investigar | Arson |
| 20:28 | Crear | Spearman |
| 20:29 | Crear | Spearman |
| 20:29 | Crear | Spearman |
| 20:30 | Crear | Spearman |
| 20:35 | Investigar | Forging |
| 20:37 | Investigar | Scale Mail Armor |
| 20:37 | Edad | Edad de los Castillos |
| 20:49 | Construir | Town Center |
| 21:01 | Construir | Town Center |
| 21:31 | Investigar | Hand Cart |
| 21:44 | Construir | Farm |
| 21:45 | Construir | Farm |
| 21:46 | Construir | Farm |
| 21:49 | Construir | Farm |
| 21:51 | Construir | Farm |
| 21:53 | Construir | Farm |
| 22:00 | Crear | Villager (Male) ×3 |
| 22:22 | Investigar | Husbandry |
| 23:16 | Crear | Villager (Male) ×5 |
| 23:27 | Construir | Farm |
| 23:29 | Construir | Farm |
| 23:30 | Construir | Farm |
| 23:32 | Construir | Farm |
| 23:33 | Construir | Farm |
| 23:35 | Construir | Farm |
| 23:36 | Construir | Farm |
| 23:38 | Construir | Farm |
| 23:40 | Construir | Farm |
| 23:40 | Construir | Farm |
| 23:45 | Crear | Villager (Male) ×5 |
| 24:12 | Crear | Villager (Male) |
| 24:19 | Crear | Knight |
| 24:22 | Investigar | Iron Casting |
| 24:26 | Crear | Knight |
| 24:54 | Crear | Knight |
| 25:32 | Crear | Villager (Male) ×5 |
| 25:39 | Investigar | Gold Shaft Mining |
| 25:46 | Construir | House |
| 25:47 | Construir | House |
| 25:48 | Construir | House |
| 25:49 | Construir | House |
| 25:50 | Construir | House |
| 25:51 | Construir | House |
| 25:52 | Construir | House |
| 25:53 | Construir | House |
| 25:54 | Construir | House |
| 25:55 | Construir | House |
| 26:08 | Construir | Castle |
| 26:39 | Crear | Knight |
| 26:40 | Crear | Knight |
| 27:03 | Investigar | Scale Barding Armor |
| 27:09 | Crear | Knight |
| 27:10 | Crear | Knight |
| 27:19 | Crear | Villager (Male) ×5 |
| 27:47 | Crear | Villager (Male) |
| 28:48 | Construir | Stable |
| 28:50 | Construir | Stable |
| 28:53 | Construir | Barracks |
| 29:04 | Construir | House |
| 29:04 | Construir | House |
| 29:05 | Construir | House |
| 29:06 | Construir | House |
| 29:07 | Construir | House |
| 29:07 | Construir | House |
| 29:10 | Construir | House |
| 29:10 | Construir | House |
| 29:13 | Construir | House |
| 29:14 | Construir | House |
| 29:15 | Construir | House |
| 29:17 | Construir | House |
| 29:26 | Investigar | Imperial Age |
| 29:35 | Investigar | Chain Mail Armor |
| 29:43 | Investigar | Chain Barding Armor |
| 29:47 | Crear | Villager (Male) ×5 |
| 29:49 | Crear | Villager (Male) ×5 |
| 29:59 | Crear | Throwing Axeman ×3 |
| 30:36 | Investigar | Caravan |
| 30:36 | Crear | Trade Cart |
| 30:37 | Crear | Trade Cart |
| 31:00 | Investigar | Bearded Axe |
Cronología de la partida
| 8:38 | Silver · first_building Barracks |
| 10:26 | Silver · age_up feudal |
| 10:59 | Echenique · age_up feudal |
| 11:03 | Manuel · age_up feudal |
| 11:17 | CCM | Muflon de Elite · first_building Barracks |
| 11:45 | CCM | Muflon de Elite · age_up feudal |
| 12:02 | 小虾米 · age_up feudal |
| 12:38 | joseabrojo · age_up feudal |
| 12:50 | big-size2 · age_up feudal |
| 13:42 | Manuel · first_building Barracks |
| 15:17 | Bruno MIRANDA · age_up feudal |
| 15:17 | joseabrojo · first_building Barracks |
| 16:20 | Echenique · age_up castle |
| 16:30 | big-size2 · age_up castle |
| 16:45 | CCM | Muflon de Elite · age_up castle |
| 17:01 | CCM | Muflon de Elite · first_building Castle |
| 17:15 | Silver · first_building Stable |
| 17:26 | joseabrojo · age_up castle |
| 17:37 | CCM | Muflon de Elite · first_building Monastery |
| 17:38 | 小虾米 · age_up castle |
| 17:52 | Echenique · first_building Monastery |
| 18:29 | joseabrojo · first_building Castle |
| 19:02 | Echenique · first_building Castle |
| 19:02 | CCM | Muflon de Elite · wall_segment Palisade Wall x1 |
| 19:06 | CCM | Muflon de Elite · wall_segment Palisade Wall x1 |
| 19:11 | CCM | Muflon de Elite · wall_segment Palisade Wall x1 |
| 19:26 | Manuel · first_building Archery Range |
| 19:39 | Manuel · first_market_sell 100 wood |
| 20:12 | Manuel · wall_segment Palisade Wall x1 |
| 20:13 | Manuel · wall_segment Palisade Wall x1 |
| 20:13 | Manuel · wall_segment Palisade Wall x1 |
| 20:14 | Manuel · wall_segment Palisade Wall x1 |
| 20:14 | Manuel · wall_segment Palisade Wall x1 |
| 20:14 | Manuel · wall_segment Palisade Wall x1 |
| 20:27 | Bruno MIRANDA · age_up castle |
| 20:37 | Silver · age_up castle |
| 21:21 | Echenique · first_building Barracks |
| 21:39 | 小虾米 · first_building Barracks |
| 22:00 | Manuel · wall_segment Stone Wall x13 |
| 22:24 | Manuel · age_up castle |
| 22:24 | joseabrojo · first_building Siege Workshop |
| 23:03 | Manuel · first_building Castle |
| 23:13 | 小虾米 · first_building Monastery |
| 23:14 | big-size2 · first_market_buy 100 food |
| 23:39 | CCM | Muflon de Elite · first_market_buy 100 wood |
| 23:51 | Manuel · first_building Siege Workshop |
| 23:58 | 小虾米 · first_building Siege Workshop |
| 24:11 | CCM | Muflon de Elite · first_building Siege Workshop |
| 25:18 | CCM | Muflon de Elite · wall_segment Stone Wall x1 |
| 25:32 | CCM | Muflon de Elite · wall_segment Stone Wall x3 |
| 25:34 | CCM | Muflon de Elite · wall_segment Stone Wall x7 |
| 26:08 | Silver · first_building Castle |
| 26:22 | Echenique · first_building Siege Workshop |
| 26:49 | big-size2 · first_building Monastery |
| 28:17 | joseabrojo · wall_segment Stone Wall x1 |
| 28:53 | big-size2 · first_building Barracks |
| 29:24 | CCM | Muflon de Elite · wall_segment Palisade Wall x1 |
| 29:25 | CCM | Muflon de Elite · wall_segment Palisade Wall x1 |
| 29:28 | CCM | Muflon de Elite · wall_segment Stone Wall x1 |
| 29:31 | CCM | Muflon de Elite · wall_segment Palisade Wall x1 |
| 29:34 | big-size2 · first_building Stable |
| 29:39 | Silver · first_market_sell 500 wood |
| 30:16 | CCM | Muflon de Elite · wall_segment Palisade Wall x1 |
| 30:35 | Manuel · first_market_buy 100 wood |
| 31:20 | big-size2 · age_up imperial |
| 31:20 | Silver · first_building Archery Range |
| 31:44 | CCM | Muflon de Elite · first_building Archery Range |
| 31:46 | CCM | Muflon de Elite · first_building Stable |
| 31:56 | Silver · first_building Monastery |
| 31:58 | joseabrojo · wall_segment Stone Wall x16 |
| 32:04 | Echenique · age_up imperial |
| 32:05 | big-size2 · first_market_sell 500 stone |
| 32:36 | Silver · age_up imperial |
| 33:01 | CCM | Muflon de Elite · age_up imperial |
| 34:15 | Manuel · wall_segment Stone Wall x6 |
| 34:19 | Manuel · wall_segment Stone Wall x4 |
| 35:33 | 小虾米 · first_building Castle |
| 35:42 | 小虾米 · age_up imperial |
| 35:56 | big-size2 · first_building Archery Range |
| 37:58 | Silver · resign |
| 38:39 | Bruno MIRANDA · wall_segment Stone Wall x9 |
| 40:37 | Bruno MIRANDA · first_building Castle |
| 43:03 | joseabrojo · age_up imperial |
| 43:40 | joseabrojo · first_market_sell 100 wood |
| 44:15 | Bruno MIRANDA · first_building Barracks |
| 44:56 | joseabrojo · first_market_buy 100 food |
| 45:14 | Bruno MIRANDA · first_building Stable |
[ ANÁLISIS IA · 1 CRÉDITO ]
¿Qué pasó realmente en esta partida?
Wolo.gg analiza cada decisión: build order, eco, micro, errores típicos por bracket. Análisis personalizado por WhatsApp o Discord en 30 segundos.
Guía civ
Bohemios
Perfil
Jugador #2705906